AoeStats
← Maty

Marketplace

505469831Analyzed
1v1 RM · 22d ago on Sep 9, 2026· 43m 57s· 2 players
Game mode
Random Map
Map size
Tiny (2 player)
Population
200
Speed
Normal
Resources
Standard
Victory
Conquest
Starting age
Dark Age
Ending age
Imperial Age
RankedLock teamsTeams togetherTeam positionsShared explorationLock speedFull tech treeHidden civsTurbo modeCheats
Victory
Defeat
🇪🇨 Inca · Ecuador
1873
+18
🇮🇹 Saracens · Italy
1916
-18
Maty
6:08 Loom
8:45 Feudal Age
9:38 Double-Bit Axe
17:42 Fletching
19:03 Padded Archer Armor
19:52 Horse Collar
22:57 Castle Age
20:50 Champi Runner
21:31 Scale Mail Armor
23:03 Champi Warrior
23:39 Town Watch
24:23 Chain Mail Armor
25:46 Squires
28:30 Wheelbarrow
31:59 Bow Saw
33:45 Pikeman
35:01 Sanctity
39:12 Hand Cart
40:32 Forging
43:42 Imperial Age
41:35 Heavy Plow
41:27 Gold Mining
41:29 Stone Mining
42:32 Bodkin Arrow
41:59 Crossbowman
44:30 Leather Archer Armor
45:25 Chemistry
44:26 Bracer
43:48 Arbalester
44:34 Thumb Ring
サンドマン
7:22 Loom
9:52 Feudal Age
10:27 Double-Bit Axe
13:40 Fletching
18:30 Padded Archer Armor
22:11 Castle Age
22:20 Scale Barding Armor
22:11 Crossbowman
22:48 Bodkin Arrow
23:37 Bow Saw
27:46 Forging
29:13 Bloodlines
31:06 Wheelbarrow
30:53 Chain Barding Armor
32:45 Husbandry
35:04 Hand Cart
34:56 Horse Collar
35:22 Caravan
35:19 Light Cavalry
44:54 Iron Casting
Connection lost

Rejoining the realm…

Still unreachable

The connection could not be restored.

Session expired

The server has moved on; the page needs a fresh start.